 Dungeon Crawl Stone Soup version 0.27-a0-1149-g4505690 (webtiles) character file.

Game seed: 16252253969835460667

0 Chompyraptor the Firebug (level 1, -1/14 HPs)
             Began as a Demigod Fire Elementalist on May 13, 2021.
             Frozen to death by an endoplasm (5 damage)
             ... on level 1 of the Dungeon.
             The game lasted 00:03:37 (82 turns).

Chompyraptor the Firebug (Demigod Fire Elementalist)  Turns: 82, Time: 00:03:37

Health: -1/14      AC:  2    Str:  9    XL:     1   Next: 6%
Magic:  5/5        EV: 12    Int: 17    God:
Gold:   0          SH:  0    Dex: 14    Spells: 2/3 levels left

rFire    . . .     SeeInvis .   (no weapon)
rCold    . . .     Faith    .   (no shield)
rNeg     . . .     Spirit   .   a - +0 robe
rPois    .         Reflect  .   (no helmet)
rElec    .         Harm     .   (no cloak)
rCorr    .         Rampage  .   (no gloves)
Will     .....                  (no boots)
Stlth    ++........             (no amulet)
HPRegen  0.04/turn              (no ring)
MPRegen  0.09/turn              (no ring)

@: no status effects
A: high mp 1, forlorn
a: no special abilities


You were on level 1 of the Dungeon.
You visited 1 branch of the dungeon, and saw 1 of its levels.

Inventory:

Missiles
 b - 41 stones
Armour
 a - a +0 robe (worn)


   Skills:
 + Level 1.7 Dodging
 + Level 1.7 Stealth
 + Level 1.7 Spellcasting
 + Level 0.8 Conjurations
 + Level 2.7 Fire Magic


You had 2 spell levels left.
You knew the following spells:

 Your Spells              Type           Power      Damage    Failure   Level
a - Foxfire               Conj/Fire      28%        2x1d5     10%         1

Your spell library contained the following spells:

 Spells                   Type           Power      Damage    Failure   Level
 Conjure Flame            Conj/Fire      7%         6-21      28%         3
 Inner Flame              Hex/Fire       6%         N/A       34%         3
 Sticky Flame             Conj/Fire      7%         2d3       67%         4
 Fireball                 Conj/Fire      3%         3d4       95%         5


Dungeon Overview and Level Annotations

Branches:
Dungeon (1/15)


Innate Abilities, Weirdness & Mutations

Your attributes grow dramatically as you level up.
You have an increased reservoir of magic. (+10% MP)
You shall have no god before yourself.


Message History

The endoplasm is lightly wounded.
The rat barely misses you. The endoplasm hits you.
You barely miss the rat. The rat bites you.
The endoplasm jiggles.
The endoplasm freezes you.
You are frozen.
The rat closely misses you.
A frilled lizard comes into view.
A frilled lizard comes into view.
The frilled lizard hisses angrily. x2
The rat closely misses you.
Really walk into that dispersal trap? [Y]es or [N]o only, please.
Really walk into that dispersal trap?
You enter a dispersal trap!
The rat blinks!
The frilled lizard blinks!
You blink.
The rat barely misses you.
You hit the rat but do no damage. The rat barely misses you.
You closely miss the rat. The rat bites you.
There are monsters nearby!
Unknown command.
You hit the rat.
The rat is heavily wounded.
The rat bites you.
* * * LOW HITPOINT WARNING * * *
The frilled lizard enters a dispersal trap!
The rat blinks!
The endoplasm blinks!
You blink.
There are no items here.
The rat bites you.
* * * LOW HITPOINT WARNING * * *
You hit the rat.
You kill the rat!
You see here a rat corpse.
There is an open door here.
There is a staircase leading out of the dungeon here.
There are monsters nearby!
Sorry, you're not good enough to have a special ability.
An endoplasm is nearby!
The endoplasm freezes you.
You are frozen.
You die...

#.## #.§. #.## #...
####### #.##
########.....# #.##
#.....##..8..# #.##
#..J..##.....###...
#.@#..#####'###...#
#..#.J##...........
#.....'...........#
########......##...
####......##..#
#......#####..#
##'##### #..# #.#
#... .(# ♣♣♣♣


You could see an endoplasm.

Vanquished Creatures
  A rat (D:1)
1 creature vanquished.

Notes
Turn   | Place    | Note
-------+----------+-------------------------------------------
     0 | D:1      | Chompyraptor the Demigod Fire Elementalist began the quest
                  | for the Orb.
     0 | D:1      | Reached XP level 1. HP: 14/14 MP: 5/5
    82 | D:1      | Frozen to death by an endoplasm

Illustrated notes

Levels and vault maps discovered:
D:1:      dpeg_arrival_rooms_b, layout_loops_corners, serial_forest,
          infiniplex_forest_clump_curved, infiniplex_forest_clump_long,
          infiniplex_forest_straight_4, infiniplex_forest_corner_2,
          infiniplex_forest_clump_double, infiniplex_forest_clump_diagonal,
          infiniplex_forest_lined_room_, hellmonk_ecumenical_altar_blasted,
          minmay_cupped

Action                   || total
-------------------------++-------
Melee: Unarmed           ||     6
Dodge: Dodged            ||     6

Table legend: (Time is in decaauts)
 A = Elapsed time spent in this place.
 B = Non-inter-level travel time spent in this place.
 C = Inter-level travel time spent in this place.
 D = Time resting spent in this place.
 E = Time spent auto-exploring this place.
 F = Levels seen in this place.
 G = Mean time per level.
                   A        B        C        D        E       F      G
               +--------+--------+--------+--------+--------+-----+--------+
         Total |     82 |     72 |     10 |      0 |     15 |   1 |   82.0 |
       Dungeon |     82 |     72 |     10 |      0 |     15 |   1 |   82.0 |
               +--------+--------+--------+--------+--------+-----+--------+

Top non-repeatable levels by time:
     D:1: 82 daAuts
